 Dungeon Crawl Stone Soup version 0.22.1-1-ga44c0e56f4 (webtiles) character file.

729 Cykl0x the Shield-Bearer (level 7, -9/44 HPs)
             Began as a Gargoyle Fighter on Nov 1, 2018.
             Was a Follower of Okawaru.
             Killed by Freeze
             ... invoked by serious's ghost
              (14 damage)
             ... on level 4 of the Dungeon.
             The game lasted 00:15:22 (4160 turns).

Cykl0x the Shield-Bearer (Gargoyle Fighter)         Turns: 4160, Time: 00:15:23

Health: -9/44      AC: 15    Str: 20    XL:     7   Next: 73%
Magic:  7/7        EV:  6    Int:  9    God:    Okawaru [*.....]
Gold:   157        SH: 11    Dex: 10    Spells: 6/6 levels left

rFire    . . .     SeeInvis .   a - +0 war axe
rCold    . . .     Gourm    .   c - +1 shield
rNeg     + . .     Faith    .   i - +0 chain mail
rPois    ∞         Spirit   .   m - +0 helmet
rElec    +         Reflect  .   (no cloak)
rCorr    .         Harm     .   (no gloves)
MR       .....                  (no boots)
Stlth    ..........             (no amulet)
HPRegen  0.14/turn              h - ring of flight
MPRegen  0.10/turn              (no ring)

@: no status effects
A: negative energy resistance 1, electricity resistance, unbreathing,
petrification resistance, rot immunity, AC +4
a: Heroism, Renounce Religion, Evoke Flight


You were on level 4 of the Dungeon.
You worshipped Okawaru.
Okawaru was aware of your devotion.
You were not hungry.

You visited 2 branches of the dungeon, and saw 5 of its levels.
You also visited: Ossuary.

You collected 157 gold pieces.

Inventory:

Hand Weapons
 a - a +0 war axe (weapon)
Missiles
 b - 6 tomahawks (quivered)
 e - 253 stones
Armour
 c - a +1 shield (worn)
 i - a +0 chain mail (worn)
 m - a +0 helmet (worn)
Jewellery
 g - an uncursed amulet of regeneration {unknown}
 h - a ring of flight (left hand)
Wands
 u - a wand of random effects (33)
 v - a wand of paralysis (9)
Scrolls
 n - 4 scrolls of fear
 o - 3 scrolls of identify
 p - 2 scrolls of teleportation
 s - 3 scrolls of remove curse
 t - a scroll of amnesia
Potions
 j - a potion of flight
 l - a potion of magic
 q - 3 potions of curing {unknown}
 r - 3 potions of invisibility {unknown}
Comestibles
 f - 4 rations


   Skills:
 + Level 4.9 Fighting
 + Level 4.7 Axes
 + Level 4.8 Armour
 + Level 1.1 Dodging
 + Level 0.1 Stealth
 + Level 5.7 Shields


You had 6 spell levels left.
You didn't know any spells.
Your spell library was empty.

Dungeon Overview and Level Annotations

Branches:
Dungeon (4/15)             Temple (1/1) D:4

Altars:
Ashenzari
Cheibriados
Dithmenos
Fedhas
Gozag
Makhleb
Nemelex Xobeh
Okawaru
Qazlal
Sif Muna
Trog
Vehumet
Yredelemnul
Zin
The Shining One

Annotations:
D:4 serious's ghost, novice MfIE


Innate Abilities, Weirdness & Mutations

You are resistant to torment.
Your stone body is resilient. (AC +4)
You are immune to poison.
You resist negative energy. (rN+)
You are resistant to electric shocks. (rElec)
You can survive without breathing.
You are immune to petrification.
You are immune to rotting.


Message History

Serious's ghost hits you but does no damage.
Your shield and chain mail prevent you from hitting serious's ghost.
Serious's ghost is heavily damaged.
Serious's ghost casts a spell at you. The puff of frost hits you!
You closely miss serious's ghost.
Serious's ghost is heavily damaged.
Serious's ghost hits you but does no damage.
Serious's ghost gestures at you while chanting.
You are frozen.
You slash serious's ghost!
Serious's ghost is heavily damaged.
Serious's ghost casts a spell at you. The puff of frost hits you!
* * * LOW HITPOINT WARNING * * *
You hit serious's ghost but do no damage.
Serious's ghost is heavily damaged.
Serious's ghost gestures at you while chanting.
You are frozen.
You die...

###.# #.......#.#
....# ##........#
.#### #........## ##
#.........#
##.......#.#####
##.......##.#...# ###
#...#######.....# ..#
##...#.#.#.#.#...#
..###....#.....#@#...#
.......####...ZW.#...#
..##.).# #.%...'.....#
..##.### ##(...'.....#
..#..# #.....#.....#
....## #.#.#.#.#####
##.## ######### ##.#
#.#.# ...# ####.#.#


You could see serious's ghost and an adder zombie.

Vanquished Creatures
  2 wraiths (Ossuary)
  An ogre (D:4)
  2 wights (Ossuary)
  A bullfrog skeleton (D:4)
  2 worker ants (D:4)
  A mummy (D:4)
  9 adders
  An ooze (D:1)
  3 adder zombies
  2 worms
  4 leopard geckos
  2 orcs (D:3)
  3 giant cockroaches
  10 goblins
  6 hobgoblins
  10 jackals
  A quokka (D:4)
  3 ball python skeletons (Ossuary)
  5 bats
  4 frilled lizards
  A hobgoblin skeleton (Ossuary)
  10 kobolds
  3 kobold zombies (Ossuary)
  An orc zombie (Ossuary)
  A quokka zombie (D:4)
  5 rats (D:3)
93 creatures vanquished.

Notes
Turn   | Place    | Note
-------+----------+-------------------------------------------
     0 | D:1      | Cykl0x the Gargoyle Fighter began the quest for the Orb.
     0 | D:1      | Reached XP level 1. HP: 14/14 MP: 1/1
   316 | D:1      | Reached XP level 2. HP: 17/20 MP: 2/2
   714 | D:1      | Reached XP level 3. HP: 24/24 MP: 3/3
  1186 | D:2      | Reached skill level 4 in Shields
  1186 | D:2      | Reached XP level 4. HP: 22/29 MP: 4/4
  1346 | D:2      | Found a faded altar of an unknown god.
  1956 | D:3      | Reached XP level 5. HP: 30/33 MP: 5/5
  2604 | D:4      | Found a runed gate.
  2604 | D:4      | Found a runed gate.
  2604 | D:4      | Found a runed gate.
  2606 | D:4      | Noticed serious's ghost (novice MfIE)
  2712 | D:4      | Found a staircase to the Ecumenical Temple.
  2720 | Temple   | Entered the Ecumenical Temple
  2808 | Temple   | Became a worshipper of Warmaster Okawaru
  2890 | D:4      | Reached skill level 5 in Shields
  2890 | D:4      | Reached XP level 6. HP: 39/39 MP: 6/6
  2894 | D:4      | Found a sand-covered staircase.
  2907 | Ossuary  | Entered an ossuary
  3014 | Ossuary  | Noticed a flying skull
  3014 | Ossuary  | Noticed a wraith
  3021 | Ossuary  | Noticed a flying skull
  3023 | Ossuary  | Noticed a flying skull
  3028 | Ossuary  | Noticed a flying skull
  3199 | Ossuary  | Noticed a flying skull
  3200 | Ossuary  | Noticed a wraith
  3244 | Ossuary  | Killed a wraith
  3244 | Ossuary  | Reached XP level 7. HP: 10/44 MP: 7/7
  3492 | Ossuary  | Reached skill level 1 in Dodging
  3620 | Ossuary  | Noticed a wraith
  3634 | Ossuary  | Killed a wraith
  3634 | Ossuary  | Reached * piety under Okawaru
  4160 | D:4      | Killed from afar by serious's ghost

Skill      XL: |  1  2  3  4  5  6  7 |
---------------+----------------------+-----
Axes           | 2 3 4 |  4.7
Shields        | 4 5 |  5.7
Fighting       | 4 |  4.9
Armour         | 4 |  4.8
Dodging        | 1 |  1.1
Stealth        | |  0.1

Action                   |  1- 3 |  4- 6 |  7- 9 || total
-------------------------+-------+-------+-------++-------
Melee: War axe           |   131 |   252 |    59 ||   442
  Use: Scroll            |     5 |     6 |     1 ||    12
       Potion            |       |     3 |       ||     3
  Eat: Ration            |     1 |     1 |     1 ||     3
       Chunk             |       |     1 |       ||     1
Armor: Scale mail        |    22 |       |       ||    22
       Chain mail        |    61 |   154 |    24 ||   239
Dodge: Dodged            |    32 |    61 |    17 ||   110
Block: Shield            |    87 |   168 |    25 ||   280
